 Dungeon Crawl Stone Soup version 0.23.2-40-g277498a001 (webtiles) character file.

Game seed: 5992523096192374375

181 Exodus22XD the Magician (level 5, -1/36 HPs)
             Began as a Mummy Ice Elementalist on Sept 7, 2019.
             Slain by an orc wizard
             ... wielding a +0 dagger
              (4 damage)
             ... on level 4 of the Dungeon.
             The game lasted 00:07:15 (2704 turns).

Exodus22XD the Magician (Mummy Ice Elementalist)    Turns: 2704, Time: 00:07:15

Health: -1/36      AC:  2    Str: 11    XL:     5   Next: 34%
Magic:  11/11      EV: 12    Int: 15    God:
Gold:   128        SH:  0    Dex: 13    Spells: 9/13 levels left

rFire    x . .     SeeInvis .   f - +2 dagger (speed)
rCold    + . .     Gourm    .   (no shield)
rNeg     + + +     Faith    +   a - +0 robe
rPois    ∞         Spirit   .   (no helmet)
rElec    .         Reflect  .   (no cloak)
rCorr    .         Harm     .   (no gloves)
MR       .....                  (no boots)
Stlth    ++........             m - amulet of faith
HPRegen  0.12/turn              (no ring)
MPRegen  0.12/turn              (no ring)

@: no status effects
A: no food or potions, fire vulnerability, cold resistance 1, negative energy
resistance 3, torment resistance, unbreathing
a: no special abilities


You were on level 4 of the Dungeon.
You were not hungry.

You visited 1 branch of the dungeon, and saw 4 of its levels.

You collected 128 gold pieces.

Inventory:

Hand Weapons
 f - a +2 dagger of speed (weapon)
Armour
 a - a +0 robe (worn)
Jewellery
 i - an uncursed amulet of guardian spirit
 m - an amulet of faith (around neck)
Scrolls
 b - 4 scrolls of teleportation {unknown}
 c - 4 scrolls of remove curse
 d - 2 scrolls of enchant armour {unknown}
 e - 3 scrolls of identify {unknown}
 g - a scroll of amnesia {unknown}
 h - a scroll of enchant weapon {unknown}
 k - 2 scrolls of blinking {unknown}
 l - 2 scrolls of fog {unknown}
 n - a scroll of noise {unknown}


   Skills:
 + Level 0.5 Fighting
 + Level 0.4 Short Blades
 + Level 1.9 Dodging
 - Level 1.5 Stealth
 + Level 4.6 Spellcasting
   Level 0.7 Conjurations
 + Level 4.0 Ice Magic


You had 9 spell levels left.
You knew the following spells:

 Your Spells              Type           Power        Failure   Level  Hunger
a - Freeze                Ice            ###.         3%          1    N/A
b - Ozocubu's Armour      Chrm/Ice       #.......     22%         3    N/A

Your spell library contained the following spells:

 Spells                   Type           Power        Failure   Level  Hunger
 Throw Frost              Conj/Ice       ##....       10%         2    N/A
 Throw Icicle             Conj/Ice       ##......     54%         4    N/A
 Summon Ice Beast         Ice/Summ       #.......     58%         4    N/A

Dungeon Overview and Level Annotations

Branches:
Dungeon (4/15)
 Temple: D:4-7

Altars:
Xom
The Shining One

Annotations:
D:4 Robin


Innate Abilities, Weirdness & Mutations

You do not eat or drink.
Your flesh is vulnerable to fire.
You are immune to poison.
Your flesh is cold resistant. (rC+)
You are immune to negative energy. (rN+++)
You are immune to unholy pain and torment.
You can survive without breathing.


Message History

The magic dart hits you.
The orc wizard mumbles some strange words.
The orc wizard blinks!
The orc wizard mumbles some strange words.
The orc wizard blinks!
The orc wizard completely misses you.
The orc wizard gestures at you while chanting.
The magic dart hits you.
* * * LOW HITPOINT WARNING * * *
The orc wizard casts a spell.
The orc wizard seems to speed up.
The goblin no longer looks unusually strong.
The orc wizard mumbles some strange words.
The orc wizard blinks!
The orc wizard hits you but does no damage.
The orc wizard hits you with a +0 dagger.
* * * LOW HITPOINT WARNING * * *
The orc wizard misses you.
The orc wizard hits you with a +0 dagger.
You die...

#. #.###.# .###..
..# #..#.# ###.#....
#..#
##....######......#
..##.........†.....#
#..................#
#...#..#####..##..#
#..#.....###.## ...
##............# .
.#####.....###..@#.#
#.....####.# #..o#.#
.###..# #.####.###.
#..# ##o# #g## ..
#..# #.# #.g###.#
#..# #.###...# ..
.#..#####.#.g..##..#
####.......O......#
##...###..####..#


You could see an ogre, an orc wizard, a hobgoblin and a goblin.

Vanquished Creatures
  A scorpion (D:4)
  A centaur skeleton (D:4)
  5 adders
  A worm (D:4)
  3 dart slugs
  4 orcs (D:4)
  3 bats
  2 giant cockroaches
  4 goblins
  5 hobgoblins
  7 kobolds
  A quokka (D:2)
  2 ball pythons
  4 frilled lizards
  7 rats
50 creatures vanquished.

Notes
Turn   | Place    | Note
-------+----------+-------------------------------------------
     0 | D:1      | Exodus22XD the Mummy Ice Elementalist began the quest for
                  | the Orb.
     0 | D:1      | Reached XP level 1. HP: 13/13 MP: 4/4
   319 | D:1      | Reached XP level 2. HP: 12/19 MP: 1/6
   801 | D:2      | Found a glowing golden altar of the Shining One.
   860 | D:2      | Reached XP level 3. HP: 15/24 MP: 0/7
  1736 | D:3      | Reached XP level 4. HP: 28/30 MP: 6/10
  1745 | D:3      | Learned a level 3 spell: Ozocubu's Armour
  1896 | D:3      | Found a shimmering altar of Xom.
  2221 | D:4      | Reached XP level 5. HP: 14/36 MP: 0/11
  2474 | D:4      | Noticed an ogre
  2664 | D:4      | Noticed an ogre
  2686 | D:4      | Noticed Robin
  2704 | D:4      | Slain by an orc wizard

Skill      XL: |  1  2  3  4  5 |
---------------+----------------+-----
Spellcasting   | 3 4 |  4.6
Ice Magic      | 3 4 |  4.0
Fighting       | |  0.5
Short Blades   | |  0.4
Dodging        | |  1.9
Stealth        | |  1.5
Conjurations   | |  0.7

Action                   |  1- 3 |  4- 6 || total
-------------------------+-------+-------++-------
Melee: Dagger            |    16 |    18 ||    34
 Cast: Freeze            |    48 |    35 ||    83
       Ozocubu's Armour  |       |     3 ||     3
  Use: Scroll            |       |     1 ||     1
 Stab: Sleeping          |     5 |     1 ||     6
       Distracted        |       |     1 ||     1
Armor: Robe              |    11 |     4 ||    15
Dodge: Dodged            |    28 |    38 ||    66
